AoeStats
← 白鹿城拉车车

QS Arena

503585050Analyzed
3v3 RM · 1mo ago on Sep 1, 2026· 27m 46s· 6 players
Game mode
Random Map
Map size
Normal (6 player)
Population
200
Speed
Normal
Resources
Standard
Victory
Conquest
Starting age
Dark Age
Ending age
Imperial Age
RankedLock teamsTeams togetherTeam positionsShared explorationLock speedFull tech treeHidden civsTurbo modeCheats
Victory
Defeat
🇨🇳 Jurchens · China
1319
+5
🇨🇳 Bengalis · China
934
+21
785
+26
🇨🇳 Spanish · China
1046
-18
🇮🇳 Saracens · India
1036
-17
🇩🇪 Italians · Germany
1035
-17
青青草原懒大王
2:48 Loom
8:04 Feudal Age
13:11 Castle Age
14:02 Double-Bit Axe
20:39 Scale Barding Armor
21:13 Bow Saw
21:44 Stone Mining
24:08 Wheelbarrow
24:05 Forging
23:39 Elite Skirmisher
26:27 Pikeman
不知天上水
8:21 Feudal Age
12:26 Castle Age
11:25 Double-Bit Axe
11:23 Horse Collar
14:21 Wheelbarrow
18:20 Bow Saw
18:32 Heavy Plow
22:18 Hand Cart
25:37 Imperial Age
23:12 Fletching
23:23 Padded Archer Armor
24:15 Town Watch
24:16 Loom
24:28 Bodkin Arrow
24:49 Leather Archer Armor
24:53 Gold Mining
24:53 Stone Mining
26:21 Scale Mail Armor
26:32 Forging
26:48 Ballistics
26:09 Treadmill Crane
26:38 Bracer
26:04 Elite Elephant Archer
28:13 Two-Man Saw
27:54 Ring Archer Armor
27:56 Crop Rotation
27:42 Scale Mail Armor
28:46 Chemistry
28:13 Scale Mail Armor
28:21 Scale Barding Armor
白鹿城拉车车
7:49 Feudal Age
11:33 Castle Age
9:47 Double-Bit Axe
9:52 Horse Collar
12:49 Bow Saw
20:52 Wheelbarrow
20:19 Loom
21:11 Gold Mining
21:31 Heavy Plow
25:46 Imperial Age
23:25 Fletching
23:36 Padded Archer Armor
24:49 Hand Cart
24:20 Town Watch
24:48 Bodkin Arrow
25:26 Leather Archer Armor
26:10 Ballistics
28:29 Gold Shaft Mining
27:45 Stone Mining
28:01 Bracer
28:32 Ring Archer Armor
28:23 Conscription
ektum_inside
0:54 Loom
8:19 Feudal Age
9:04 Double-Bit Axe
16:14 Castle Age
14:48 Stone Mining
15:14 Gold Mining
15:08 Horse Collar
16:00 Fletching
20:15 Gold Shaft Mining
20:49 Bow Saw
20:42 Heavy Plow
wuyu
9:18 Feudal Age
13:54 Castle Age
12:06 Stone Mining
12:21 Double-Bit Axe
12:57 Loom
22:41 Wheelbarrow
23:06 Bloodlines
Murmandus
2:25 Loom
7:37 Feudal Age
12:53 Castle Age
11:12 Double-Bit Axe
11:21 Horse Collar
19:01 Town Watch
20:13 Wheelbarrow
25:34 Imperial Age
23:22 Fletching
Connection lost

Rejoining the realm…

Still unreachable

The connection could not be restored.

Session expired

The server has moved on; the page needs a fresh start.